 Dungeon Crawl Stone Soup version 0.28.0-49-g6dfe1f597d (webtiles) character file.

Game seed: 10555925954290670805

1365 CryoSword the Firebug (level 8, -3/62 HPs)
             Began as a Demigod Fire Elementalist on May 16, 2022.
             Slain by a two-headed ogre
             ... wielding a +0 giant club
              (15 damage)
             ... on level 5 of the Dungeon.
             The game lasted 00:08:14 (6616 turns).

CryoSword the Firebug (Demigod Fire Elementalist)   Turns: 6616, Time: 00:08:15

Health: -3/62      AC:  4    Str:  9    XL:     8   Next: 15%
Magic:  8/15       EV: 13    Int: 25    God:
Gold:   200        SH:  0    Dex: 21    Spells: 0/13 levels left

rFire   . . .      SeeInvis .   r - +8 spear of the Evening {vorpal, Contam Fly rC+ Dex+7}
rCold   + . .      Faith    .   (no shield)
rNeg    . . .      Spirit   .   a - +0 robe
rPois   .          Reflect  .   (no helmet)
rElec   .          Harm     .   s - +0 cloak
rCorr   .          Rampage  .   t - +0 pair of gloves
Will    .....                   (no boots)
Stlth   +++.......              (no amulet)
HPRegen 0.20/turn               (no ring)
MPRegen 0.14/turn               (no ring)

@: flying
A: high MP 1, forlorn, divine attributes
a: no special abilities


You were on level 5 of the Dungeon.
You visited 1 branch of the dungeon, and saw 5 of its levels.

You collected 242 gold pieces.
You spent 42 gold pieces at shops.

Inventory:

Hand Weapons
 o - the +9 mace of Diet Blood {venom, rF+ Int+5}
   (You found it on level 3 of the Dungeon)

   It poisons the flesh of those it strikes.
   Int:       It affects your intelligence (+5).
   rF:        It protects you from fire.
 r - the +8 spear of the Evening (weapon) {vorpal, Contam Fly rC+ Dex+7}
   (You found it on level 3 of the Dungeon)

   It inflicts extra damage upon your enemies.
   Dex:       It affects your dexterity (+7).
   rC:        It protects you from cold.
   Fly:       It grants you flight.
   Contam:    It causes magical contamination when unequipped.
Missiles
 e - 6 poisoned darts
Armour
 a - a +0 robe (worn)
 s - a +0 cloak (worn)
   (You took it off Crazy Yiuf on level 3 of the Dungeon)
 t - a +0 pair of gloves (worn)
   (You found it on level 4 of the Dungeon)
Scrolls
 b - a scroll of torment {unknown}
 d - 3 scrolls of teleportation {@r4}
 g - a scroll of summoning {unknown}
 k - 2 scrolls of fear {unknown}
 l - a scroll of blinking {unknown}
 m - 2 scrolls of immolation {!r}
 n - a scroll of magic mapping {unknown}
 u - a scroll of acquirement {unknown}
 w - a scroll of enchant armour {unknown}
Potions
 c - a potion of resistance {unknown}
 f - a potion of mutation {unknown}
 h - 3 potions of degeneration {unknown}
 i - a potion of might {unknown}
 j - a potion of cancellation {unknown}
 p - a potion of invisibility {unknown}
 q - 2 potions of curing {unknown}
 v - a potion of brilliance {unknown}
 x - a potion of haste {unknown}


   Skills:
 + Level 2.3 Fighting
 + Level 2.4 Polearms
 + Level 3.1 Dodging
 + Level 3.4 Stealth
 - Level 3.0 Spellcasting
 * Level 4.9 Conjurations
 * Level 5.7 Fire Magic


You couldn't memorise any spells.
You knew the following spells:

 Your Spells              Type           Power      Damage    Failure   Level
a - Foxfire               Conj/Fire      100%       2x1d9     1%          1
b - Scorch                Fire           64%        2d8       1%          2
c - Flame Wave            Conj/Fire      30%        2d8       11%         4
d - Starburst             Conj/Fire      15%        6d6       86%         6

Your spell library contained the following spells:

 Spells                   Type           Power      Damage    Failure   Level
 Conjure Flame            Conj/Fire      30%        6-21      3%          3
 Inner Flame              Hex/Fire       18%        N/A       10%         3
 Dazzling Flash           Conj/Hex       32%        N/A       11%         3
 Ignite Poison            Fire/Tmut/Pois 13%        N/A       14%         3
 Mephitic Cloud           Conj/Pois/Air  12%        N/A       16%         3
 Iskenderun's Mystic Bla  Conj/Tloc      16%        2d5       36%         4
 Freezing Cloud           Conj/Ice/Air   6%         6-21      82%         5


Dungeon Overview and Level Annotations

Branches:
Dungeon (5/15)             Temple (0/1) D:4

Shops:
D:1 [   D:2 *

Annotations:
D:4 2 transporters, Exodus22XD's ghost, amateur DsGl


Innate Abilities, Weirdness & Mutations

You have an increased reservoir of magic. (+10% MP)
You shall have no god before yourself.
Your divine heritage dramatically boosts your attributes as you level up.


Message History

You start resting.
You conjure some foxfire!
The jackal misses you.
You conjure some foxfire!
The jackal misses you.
Flames lash the jackal.
The jackal's fire resistance burns away.
The foxfire hits the jackal but does no damage.
The foxfire hits the jackal.
The jackal is burned terribly!
You kill the jackal!
The foxfire hits the centaur.
You hit the centaur. The centaur barely misses you. x2
You conjure some foxfire!
The centaur hits you. The centaur barely misses you. x2
The centaur kicks you.
Flames lash the centaur.
The centaur's fire resistance burns away.
The foxfire hits the centaur!
The centaur is burned terribly!
You kill the centaur!
Training target 3.0 for Spellcasting reached!
Your Spellcasting skill increases to level 3!
You have reached level 8!
You start resting.
You start resting.
A bullfrog skeleton is nearby!
You conjure some foxfire!
You conjure some foxfire!
The foxfire hits the bullfrog skeleton!
The foxfire hits the bullfrog skeleton.
You conjure some foxfire!
The foxfire hits the bullfrog skeleton!
You conjure some foxfire!
You conjure some foxfire!
The foxfire hits the bullfrog skeleton!
You destroy the bullfrog skeleton!
Nothing appears to happen.
You start resting.
A centaur zombie comes into view.
You conjure some foxfire!
The orc shouts!
The orc misses you.
Flames lash the centaur zombie.
The centaur zombie's fire resistance burns away.
The foxfire hits the orc. x2
You kill the orc!
You conjure some foxfire!
The centaur zombie misses you. The centaur zombie closely misses you.
Flames lash the centaur zombie.
The centaur zombie is burned terribly!
The foxfire hits the centaur zombie!
The centaur zombie is burned terribly!
The foxfire hits the centaur zombie!
The centaur zombie is burned terribly!
The centaur zombie hits you. The centaur zombie closely misses you.
The centaur zombie hits you.
The centaur zombie kicks you but does no damage.
Flames lash the centaur zombie.
The centaur zombie is burned terribly!
You destroy the centaur zombie!
This spell is dangerous to cast!
Memorise Flame Wave, consuming 4 spell levels and leaving 6?
You start memorising the spell.
You continue memorising. x4
You finish memorising.
Spell assigned to 'c'.
This spell is potentially lethal to cast!
Memorise Starburst, consuming 6 spell levels and leaving 0?
You start memorising the spell.
You continue memorising. x6
You finish memorising.
Spell assigned to 'd'.
Things that are here:
a +0 short sword; an orc corpse
Things that are here:
a +0 shortbow; 11 arrows; a centaur corpse
Things that are here:
a +0 shortbow; 11 arrows; a centaur corpse
Things that are here:
a +0 short sword; an orc corpse You now have enough gold to buy a glowing ring mail on D:1.
You now have 177 gold pieces (gained 13).
An adder is nearby!
An adder is nearby!
You conjure some foxfire!
The adder hisses angrily.
Flames lash the adder.
The adder's fire resistance burns away.
You hear a bark!
The foxfire hits the adder!
The adder is burned terribly!
You kill the adder!
A hound is nearby!
A hound is nearby!
You conjure some foxfire!
The hound barely misses you.
Flames lash the hound but do no damage.
The foxfire hits the hound.
The hound bites you but does no damage.
Flames lash the hound.
The hound's fire resistance burns away.
The hound bites you. x2
Flames lash the hound.
The hound is burned terribly!
You kill the hound!
A scorpion is nearby!
A scorpion is nearby!
A scorpion is nearby!
You conjure some foxfire!
Flames lash the scorpion.
The scorpion's fire resistance burns away.
The foxfire hits the scorpion.
The scorpion is burned terribly!
The scorpion closely misses you.
Flames lash the scorpion but do no damage.
The scorpion closely misses you.
You conjure some foxfire!
The scorpion misses you.
You closely miss the scorpion.
The foxfire hits the scorpion but does no damage. x2
The scorpion closely misses you. The scorpion stings you!
You are poisoned.
The scorpion poisons you!
You don't have enough magic to cast this spell.
You conjure some foxfire!
You feel very sick.
The scorpion is no longer more vulnerable to fire.
The scorpion closely misses you.
You hit the scorpion. Your punch misses the scorpion.
You feel very sick.
The foxfire hits the scorpion.
You kill the scorpion!
You feel sick.
You feel sick.
You feel sick.
You feel sick.
You feel sick.
You feel sick.
You feel sick.
You are no longer poisoned.
You now have 184 gold pieces (gained 7).
You now have enough gold to buy an embroidered scarf on D:1.
You now have 200 gold pieces (gained 16).
Could not explore, unopened door.
Could not explore, unopened door.
You reach down and open the door.
A two-headed ogre comes into view.
It is wielding a +0 giant club and a +0 giant spiked club.
Found 27 gold pieces, a chain mail and a runed falchion.
You conjure some foxfire!
What are your orders? t - Shout!
Orders for allies: a - Attack new target. r - Retreat! s - Stop attacking. g - Guard the area. f - Follow me.
Anything else - Cancel.
You shout for attention!
You hear two shouts!
You hear a shout!
You conjure some foxfire!
You conjure some foxfire!
The foxfire hits the two-headed ogre.
Flames lash the two-headed ogre.
The two-headed ogre's fire resistance burns away.
The foxfire hits the two-headed ogre.
The two-headed ogre is burned terribly!
You conjure some foxfire!
The hound barks!
The foxfire hits the two-headed ogre.
The two-headed ogre is burned terribly!
The two-headed ogre hits you with a +0 giant club!!
The two-headed ogre closely misses you.
You hear a shout!
Flames lash the two-headed ogre.
The two-headed ogre is burned terribly!
The foxfire hits the two-headed ogre!
The two-headed ogre is burned terribly!
The two-headed ogre hits you with a +0 giant club!!
* * * LOW HITPOINT WARNING * * *
The two-headed ogre hits you with a +0 giant spiked club!
You die...

.))..###...# )#####
##..######## ##
#.§#..'$O)# .#
#..#..# [# #..#..#
.# #..#..##### .#
#..#......# .#
#..#...O..#
.#..#####..#####@§#
.#......#..#.§§v§.#
.#......#..#......#
.#####..#..#..#####
.#......#.h#......#
.#......#..#..†...#
##..#####..#####..#
##......#..#......#
#......#..#......#


You could see a two-headed ogre (combustible, ally target) and a hound.

Vanquished Creatures
  A necrophage (D:4)
  A centaur (D:5)
  A phantom (D:5)
  A bullfrog (D:5)
  3 scorpions (D:5)
  A centaur zombie (D:5)
  2 bullfrog zombies (D:5)
  3 hounds (D:5)
  3 jellies
  A centaur skeleton (D:5)
  4 orc priests
  Crazy Yiuf (D:3)
  Natasha (thrice) (D:3)
  A bullfrog skeleton (D:5)
  3 orc wizards
  3 iguanas
  5 gnolls
  6 adders
  An adder skeleton (D:4)
  A worm (D:3)
  2 dart slugs
  13 orcs
  4 endoplasms
  A giant cockroach (D:3)
  A goblin (D:1)
  5 hobgoblins
  2 jackals
  3 quokkas
  2 ball pythons
  2 bats
  4 frilled lizards
  5 kobolds
  5 rats
94 creatures vanquished.

Vanquished Creatures (others)
  220 foxfires
  2 fungi (D:3)
  5 toadstools (D:1)
227 creatures vanquished.

Grand Total: 321 creatures vanquished

Notes
Turn   | Place    | Note
-------+----------+-------------------------------------------
     0 | D:1      | CryoSword the Demigod Fire Elementalist began the quest for
                  | the Orb.
     0 | D:1      | Reached XP level 1. HP: 14/14 MP: 5/5
    75 | D:1      | Reached skill level 1 in Conjurations
   540 | D:1      | Reached skill level 3 in Fire Magic
  1070 | D:1      | Found Rogael's Antique Armour Boutique.
  1241 | D:2      | Reached XP level 2. HP: 19/20 MP: 4/7
  1244 | D:2      | Learned a level 2 spell: Scorch
  1862 | D:2      | Found Jeam's General Store.
  1920 | D:2      | Bought a scroll of noise for 14 gold pieces
  1920 | D:2      | Bought a scroll of identify for 28 gold pieces
  2411 | D:3      | Reached XP level 3. HP: 26/26 MP: 5/8
  2809 | D:3      | Noticed Natasha
  2820 | D:3      | Killed Natasha
  2955 | D:3      | Noticed Natasha
  2959 | D:3      | Killed Natasha
  2960 | D:3      | Reached XP level 4. HP: 33/33 MP: 2/9
  3075 | D:3      | Reached skill level 4 in Fire Magic
  3352 | D:3      | Identified the +8 spear of the Evening {vorpal, Contam Fly
                  | rC+ Dex+7}
  3468 | D:3      | Found a runed translucent door.
  3469 | D:3      | Identified the +9 mace of Diet Blood {venom, rF+ Int+5}
  3469 | D:3      | Noticed Crazy Yiuf
  3583 | D:3      | Killed Crazy Yiuf
  3633 | D:3      | Noticed Natasha
  3643 | D:3      | Killed Natasha
  3644 | D:3      | Reached XP level 5. HP: 25/39 MP: 3/10
  3894 | D:4      | Found a transporter.
  3897 | D:4      | Noticed Exodus22XD's ghost (amateur DsGl)
  3898 | D:4      | Found a transporter.
  4118 | D:4      | Noticed a necrophage
  4122 | D:4      | Killed a necrophage
  4123 | D:4      | Reached XP level 6. HP: 43/46 MP: 2/12
  4239 | D:4      | Reached skill level 1 in Fighting
  4239 | D:4      | Reached skill level 1 in Polearms
  4948 | D:4      | Found a staircase to the Ecumenical Temple.
  4996 | D:5      | Entered Level 5 of the Dungeon
  5260 | D:5      | Reached XP level 7. HP: 44/52 MP: 6/13
  5359 | D:5      | Reached skill level 5 in Fire Magic
  6254 | D:5      | Reached XP level 8. HP: 56/61 MP: 7/15
  6361 | D:5      | Learned a level 4 spell: Flame Wave
  6368 | D:5      | Learned a level 6 spell: Starburst
  6600 | D:5      | Noticed a two-headed ogre
  6616 | D:5      | Slain by a two-headed ogre

Illustrated notes

Levels and vault maps discovered:
D:1:      ldierk_walled_garden, layout_basic, serial_shops,
          nicolae_shop_advertising_works [nicolae_subvault_shop_adworks]
D:2:      layout_loops_cross, serial_shops, shop,
          chequers_ecumenical_altar_twisty
D:3:      minmay_razor_zed, layout_rooms, kennysheep_generic_room_7,
          uniq_crazy_yiuf_cottage, uniq_natasha
D:4:      layout_basic, temple_hall, gammafunk_ghost_mausoleum,
          minmay_misc_feat_iff
D:5:      kennysheep_windowed_halls, layout_cave_pools

Skill      XL: |  1  2  3  4  5  6  7 |
---------------+----------------------+-----
Conjurations   | 1 2 3 4 |  4.9
Fire Magic     | 3 4 5 |  5.7
Stealth        | 2 3 |  3.4
Dodging        | 2 3 |  3.1
Spellcasting   | 2 3 |  3.0
Fighting       | 1 2 |  2.3
Polearms       | 1 2 |  2.4

Action                   |  1- 3 |  4- 6 |  7- 9 || total
-------------------------+-------+-------+-------++-------
Melee: Unarmed           |     9 |       |       ||     9
       Short sword       |     8 |     1 |       ||     9
       Punch             |     1 |       |       ||     1
       Spear             |       |    23 |    12 ||    35
       Halberd           |       |     4 |       ||     4
 Cast: Foxfire           |    30 |    49 |    50 ||   129
       Scorch            |    23 |    26 |    30 ||    79
  Use: Scroll            |     3 |       |       ||     3
       Potion            |       |     2 |       ||     2
 Stab: Sleeping          |     1 |     4 |       ||     5
Armor: Robe              |     4 |     5 |     9 ||    18
Dodge: Dodged            |    14 |    24 |    28 ||    66
